 Dungeon Crawl Stone Soup version 0.30-a0-782-ge64f9170bb (webtiles) character file.

Game seed: 5763859603920615411

16 DEFE the Cudgeller (level 2, -8/21 HPs)
             Began as a Demonspawn Wanderer on Feb 21, 2023.
             Killed by nerve-wracking pain
             ... invoked by a shadow imp
             ... summoned by Natasha
              (10 damage)
             ... on level 2 of the Dungeon.
             The game lasted 00:00:46 (918 turns).

DEFE the Cudgeller (Demonspawn Wanderer)             Turns: 918, Time: 00:00:47

Health: -8/21      AC:  3    Str: 19    XL:     2   Next: 41%
Magic:  2/2        EV: 11    Int: 12    God:
Gold:   21         SH:  0    Dex: 12    Spells: 1/1 levels left

rFire   . . .      SeeInvis .    a - +3 mace
rCold   . . .      Faith    .    (no shield)
rNeg    . . .      Spirit   .    d - +0 leather armour
rPois   +          Reflect  .    (no helmet)
rElec   .          Harm     .    (no cloak)
rCorr   .          Rampage  .    (no gloves)
Will    .....                    (no boots)
Stlth   +                        (no amulet)
HPRegen 0.23/turn                g - +6 ring of strength
MPRegen 0.08/turn                p - ring of poison resistance

@: slowed, very slow
A: powered by pain 1
a: no special abilities


You were on level 2 of the Dungeon.
You visited 1 branch of the dungeon, and saw 2 of its levels.

You collected 21 gold pieces.

Inventory:

Hand Weapons
 a - a +3 mace (weapon)
 b - a +0 falchion
Armour
 d - a +0 leather armour (worn)
Jewellery
 g - a +6 ring of strength (left hand)
 n - a ring of willpower
 p - a ring of poison resistance (right hand)
Scrolls
 e - 3 scrolls of identify {unknown}
 l - a scroll of blinking {unknown}
 o - a scroll of fear {unknown}
Potions
 c - a potion of berserk rage
 f - a potion of curing {unknown}
 h - 2 potions of degeneration {unknown}
 i - 2 potions of flight {unknown}
 j - a potion of brilliance {unknown}
 k - a potion of might {unknown}
 m - a potion of haste {unknown}


   Skills:
 - Level 1.0 Fighting
 - Level 1.7 Long Blades
 + Level 3.5 Maces & Flails
 - Level 1.7 Armour
 - Level 1.0 Dodging
 - Level 1.0 Stealth


You had one spell level left.
You didn't know any spells.
Your spell library was empty.

Dungeon Overview and Level Annotations

Branches:
Dungeon (2/15)

Altars:

Annotations:
D:2 Natasha


Innate Abilities, Weirdness & Mutations

You sometimes gain a little power by taking damage.


Message History

Unknown command.
Natasha hisses angrily.
Natasha casts a spell at you.
You feel yourself slow down.
Natasha casts a spell.
Unknown command.
Natasha closely misses you.
You see here a bubbling puce potion.
Unknown command.
You barely miss Natasha.
Natasha howls an incantation.
Natasha shimmers violently.
Natasha stares at you and mumbles some strange words.
You feel as though you will be slow longer.
Natasha hisses.
Natasha completely misses you.
You barely miss the shadow imp. The shadow imp closely misses you.
Natasha stares at you and mumbles some strange words.
You resist with significant effort. The shadow imp misses you.
You hit Natasha. Natasha closely misses you. The shadow imp closely misses you.
Natasha barely misses you.
Unknown command.
You barely miss Natasha.
The shadow imp hits you but does no damage.
Natasha closely misses you. The shadow imp hits you. Natasha claws you.
You take 8 damage, and have 13/21 hp.
MASSIVE DAMAGE!!
You sock Natasha! The shadow imp barely misses you.
Natasha stares at you and mumbles some strange words.
The magic dart hits you. The shadow imp hits you. Natasha misses you.
You take 6 damage, and have 7/21 hp.
MASSIVE DAMAGE!!
You are too injured to fight recklessly!
Unknown command.
You completely miss Natasha. The shadow imp closely misses you.
Natasha claws you.
* * * LOW HITPOINT WARNING * * *
The shadow imp gestures at you. Pain shoots through your body!
You die...

.. ........ .
..##....##.# ..
..........##.# ...
#......#...#.#### ....
................###.)..
.....##....##.# .......
#...........##....###
#h@...............
......5[...............
...#####...............
. ####............
#<...........
##...........
#...........
<...........
...###...##..


You could see Natasha and a shadow imp (summoned).

Vanquished Creatures
  An endoplasm (D:1)
  A giant cockroach (D:1)
  A goblin (D:1)
  3 hobgoblins (D:1)
  3 kobolds (D:1)
  2 ball pythons (D:1)
  2 bats (D:1)
  2 frilled lizards (D:1)
  A rat (D:1)
16 creatures vanquished.

Notes
Turn   | Place    | Note
-------+----------+-------------------------------------------
     0 | D:1      | DEFE the Demonspawn Wanderer began the quest for the Orb.
     0 | D:1      | DEFE set off with the following items: a +3 mace, a +0
                  | falchion, a potion of berserk rage, a +0 leather armour.
     0 | D:1      | Reached XP level 1. HP: 15/15 MP: 1/1
   123 | D:1      | Reached skill level 3 in Maces & Flails
   216 | D:1      | Gained mutation: You sometimes gain a little power by
                  | taking damage. [demonic ancestry]
   216 | D:1      | Reached XP level 2. HP: 21/21 MP: 2/2
   908 | D:2      | Noticed Natasha
   918 | D:2      | Killed from afar by a shadow imp

Illustrated notes

Levels and vault maps discovered:
D:1:      dpeg_arrival_central, layout_basic
D:2:      layout_basic, uniq_robin, uniq_natasha, uniq_crazy_yiuf_cottage

Skill      XL: |  1 |
---------------+----+-----
Maces & Flails | 3 |  3.5
Fighting       | |  1.0
Long Blades    | |  1.7
Armour         | |  1.7
Dodging        | |  1.0
Stealth        | |  1.0

Action                     || total
---------------------------++-------
  Melee: Mace              ||    39
   Stab: Sleeping          ||     2
 Armour: Leather armour    ||    13
  Dodge: Dodged            ||    30

Table legend: (Time is in decaauts)
 A = Elapsed time spent in this place.
 B = Non-inter-level travel time spent in this place.
 C = Inter-level travel time spent in this place.
 D = Time resting spent in this place.
 E = Time spent auto-exploring this place.
 F = Levels seen in this place.
 G = Mean time per level.
                   A        B        C        D        E       F      G
               +--------+--------+--------+--------+--------+-----+--------+
         Total |    928 |    908 |     20 |      0 |    770 |   2 |  464.0 |
       Dungeon |    928 |    908 |     20 |      0 |    770 |   2 |  464.0 |
               +--------+--------+--------+--------+--------+-----+--------+

Top non-repeatable levels by time:
     D:1: 903 daAuts
     D:2: 25 daAuts
